 Dungeon Crawl Stone Soup version 0.25-a0-774-g40ae2d4f90 (webtiles) character file.

Game seed: 14842916713945913268, levelgen mode: deterministic

108017 Heliosone the Cloud Mage (level 16, -1/97 HPs)
             Began as a Tengu Air Elementalist on Apr 14, 2020.
             Was a High Priest of Vehumet.
             Slain by an anaconda (2 damage)
             ... on level 2 of the Snake Pit.
             The game lasted 01:58:25 (49405 turns).

Heliosone the Cloud Mage (Tengu Air Elementalist)  Turns: 49405, Time: 01:58:25

Health: -1/97      AC: 13    Str: 10    XL:     16   Next: 48%
Magic:  11/45      EV: 15    Int: 35    God:    Vehumet [*****.]
Gold:   215        SH:  0    Dex: 13    Spells: 25/46 levels left

rFire    x . .     SeeInvis .   y - +3 lajatang of the Messenger {vorpal, rPois Int+4}
rCold    . . .     Gourm    +   (shield currently unavailable)
rNeg     . . .     Faith    .   M - +0 swamp dragon scales
rPois    +         Spirit   .   t - +2 hat
rElec    .         Reflect  .   (no cloak)
rCorr    .         Harm     .   K - +0 pair of gloves
MR       +....                  (boots unavailable)
Stlth    +.........             u - amulet of the gourmand
HPRegen  0.26/turn              f - ring "Daobbuaf" {rF- MP+9 Str+2 Int+10 Dex-4}
MPRegen  0.29/turn              i - ring of wizardry

@: lethally poisoned (-1 -> -18), flying quickly and evasively, constricted,
quick
A: beak, talons 3, subdued magic 1, able to fly
a: Stop Flying, Renounce Religion


You were on level 2 of the Snake Pit.
You worshipped Vehumet.
Vehumet was extremely pleased with you.
You were not hungry.

You visited 4 branches of the dungeon, and saw 25 of its levels.
You visited 1 bazaar.
You also visited: Sewer and Gauntlet.

You collected 2445 gold pieces.
You spent 2230 gold pieces at shops.

Inventory:

Hand Weapons
 y - the +3 lajatang of the Messenger (weapon) {vorpal, rPois Int+4}
   (You found it in a Gauntlet)

   It inflicts extra damage upon your enemies.
   It affects your intelligence (+4).
   It protects you from poison.
Missiles
 J - 14 poisoned darts (quivered)
Armour
 a - a cursed -1 buckler
 t - a +2 hat (worn)
 K - a +0 pair of gloves (worn)
 M - +0 swamp dragon scales (worn)
Jewellery
 f - the ring "Daobbuaf" (left hand) {rF- MP+9 Str+2 Int+10 Dex-4}
   (You bought it in a shop in a bazaar)

   [ring of strength]

   It affects your strength (+2).
   It affects your intelligence (+10).
   It affects your dexterity (-4).
   It makes you vulnerable to fire.
   It affects your magic capacity (+9).
 i - a ring of wizardry (right hand)
 u - an amulet of the gourmand (around neck)
Wands
 E - a wand of scattershot (9)
 N - a wand of iceblast (32)
 Q - a wand of acid (17)
Scrolls
 b - a scroll of enchant armour
 d - a scroll of identify
 g - 14 scrolls of teleportation
 k - 4 scrolls of fear
 o - 3 scrolls of blinking
 s - a scroll of random uselessness {unknown}
 w - 2 scrolls of magic mapping
 F - a scroll of silence {unknown}
 I - 7 scrolls of remove curse
 X - 3 scrolls of noise {unknown}
Potions
 e - a potion of brilliance
 h - 9 potions of flight {unknown}
 j - a potion of cancellation {unknown}
 p - 2 potions of invisibility
 r - 12 potions of curing
 v - 5 potions of heal wounds
 A - 3 potions of magic {unknown}
 G - a potion of ambrosia {unknown}
 O - 3 potions of degeneration {unknown}
 R - 2 potions of stabbing {unknown}
 W - 2 potions of haste {unknown}
 Z - a potion of berserk rage {unknown}
Miscellaneous
 m - a lightning rod (4/4)
Comestibles
 c - 40 rations


   Skills:
 - Level 10.0 Fighting
 + Level 8.6 Armour
 - Level 10.0 Dodging
 - Level 2.0 Stealth
 - Level 15.7 Spellcasting
 - Level 1.3 Conjurations
 - Level 21.0 Air Magic


You had 25 spell levels left.
You knew the following spells:

 Your Spells              Type           Power        Failure   Level  Hunger
a - Shock                 Conj/Air       ####         0%          1    None
b - Swiftness             Chrm/Air       ######..     1%          2    None
c - Airstrike             Air            #######...   0%          4    None
d - Lightning Bolt        Conj/Air       ######....   1%          5    None
e - Tornado               Air            #######...   5%          9    #######

Your spell library contained the following spells:

 Spells                   Type           Power        Failure   Level  Hunger
 Spellforged Servitor     Conj/Summ      ###.......   78%         7    ####...
 Animate Skeleton         Necr           N/A          1%          1    None
 Apportation              Tloc           ###...       1%          1    None
 Beastly Appendage        Tmut           ###...       1%          1    None
 Corona                   Hex            ###....      1%          1    None
 Foxfire                  Conj/Fire      ###.         1%          1    None
 Freeze                   Ice            ###.         1%          1    None
 Summon Small Mammal      Summ           ###.         1%          1    None
 Call Imp                 Summ           ###.....     1%          2    None
 Ensorcelled Hibernation  Hex/Ice        ###...       1%          2    None
 Conjure Flame            Conj/Fire      ###.....     1%          3    None
 Dazzling Flash           Conj/Hex       ###...       1%          3    None
 Frozen Ramparts          Ice            ###...       1%          3    None
 Inner Flame              Hex/Fire       ###.....     1%          3    None
 Static Discharge         Conj/Air       ######..     1%          3    None
 Summon Lightning Spire   Summ/Air       ######..     1%          4    None
 Call Canine Familiar     Summ           ###.....     2%          3    None
 Confusing Touch          Hex            ###.....     2%          3    None
 Ozocubu's Armour         Chrm/Ice       ###.....     2%          3    None
 Summon Guardian Golem    Hex/Summ       ###.....     2%          3    None
 Tukima's Dance           Hex            ###.....     2%          3    None
 Hailstorm                Conj/Ice       ###.....     2%          4    None
 Sticky Flame             Conj/Fire      ###.....     2%          4    None
 Fireball                 Conj/Fire      ###.......   6%          5    None
 Summon Ice Beast         Ice/Summ       ###.....     10%         4    None
 Ignition                 Fire           ###.......   100%        8    #####..
 Shatter                  Erth           ###.......   100%        9    #######


Dungeon Overview and Level Annotations

Branches:
Dungeon (15/15)            Temple (0/1) D:4            Lair (6/6) D:9
 Shoals (0/4) Lair:3        Snake (2/4) Lair:3        Slime (0/5) Lair:6
    Orc (2/2) D:12            Elf (0/3) Orc:2        Vaults (0/5) D:13
  Sewer (visited)         Gauntlet (visited)
 Depths: D:15

Altars:
Qazlal
Sif Muna
Vehumet
Jiyva

Shops:
D:10 %   D:12 =(?[:   Orc:2 }%*:

Annotations:
D:5 Dowan
D:8 1 exclusion
D:15 Louise
Lair:5 2 runed translucent doors, Vuriat's ghost, journeyman MiFi
Snake:2 Aizul


Innate Abilities, Weirdness & Mutations

You have a beak for a mouth.
You have claws for feet.
You can fly continuously.
Your spells are a little easier to cast, but a little less powerful.


Message History

The poison arrow hits you!
You are more poisoned.
You partially resist. Aizul hits you!!
A black mamba comes into view.
Casting: Lightning Bolt (safe; 1% risk of failure)
Confirm with . or Enter, or press ? or * to list all spells.
Aiming: Lightning Bolt (safe; 1% risk of failure)
Press: ? - help, Shift-Dir - straight line, f/p - Aizul
Aim: Aizul (raging winds, almost dead) That beam is likely to hit you.
Continue anyway?
You hear a mighty clap of thunder!
The bolt of lightning misses Aizul. x2; The bolt of lightning hits you!!!
Ouch! That really hurt!
* * * LOW HITPOINT WARNING * * *
x2 You feel sick.
You hear an angry hiss.
You hear a shout!
* * * LOW HITPOINT WARNING * * *
You are more poisoned.
The anaconda grabs you. The anaconda barely misses you.
You die...

.. S# S# # N#
.# .# .# §#§#
##S§§###
#@S§§§§#
#§§§§§§§§§§..
##§§§§§§§§§.#
###§§§§§§§.#
######§§..
§§.# ..# ##


You could see Aizul, an anaconda, a naga ritualist and 2 black mambas.

Vanquished Creatures
  A storm dragon (D:14)
  Kirke (Lair:5)
  A frost giant (D:14)
  2 stone giants
  A minotaur (Gauntlet)
  Erolcha (D:12)
  A fire dragon (Lair:6)
  3 yaktaur captains (D:14)
  2 naga warriors (Snake:1)
  A great orb of eyes (D:15)
  An ice dragon (D:14)
  7 hydras
  3 anacondas (Snake:1)
  A vault guard (D:15)
  A centaur warrior (D:14)
  4 ogre magi (Orc:2)
  2 dancing weapons (D:13)
  18 two-headed ogres
  2 tengu warriors
  3 death yaks (Gauntlet)
  3 naga sharpshooters (Snake:1)
  A shock serpent (Snake:1)
  Nergalle (Orc:2)
  2 unseen horrors (D:14)
  A flayed ghost (D:14)
  A lindwurm (Lair:6)
  A necromancer (Gauntlet)
  2 naga ritualists (Snake:1)
  4 mana vipers (Snake:1)
  9 ugly things
  An orc sorcerer (Orc:2)
  An oklob plant (Orc:1)
  A salamander (Snake:1)
  2 deep elf magi
  A manticore (D:11)
  5 slime creatures (D:12)
  2 cyclopes
  7 elephants
  A guardian serpent (Snake:1)
  5 naga magi
  20 black mambas
  2 molten gargoyles (Lair:6)
  2 rime drakes (Lair:6)
  11 spiny frogs
  Maggie (D:7)
  A redback zombie (D:14)
  14 komodo dragons
  6 trolls
  A merfolk (Lair:3)
  A hornet (D:9)
  A queen bee (D:9)
  Prince Ribbit (D:5)
  17 blink frogs
  7 hippogriffs
  A raiju (Gauntlet)
  2 centaur simulacra (D:14)
  2 vampires (D:14)
  2 wraiths (D:13)
  A shadow (D:14)
  37 yaks
  5 wyverns
  4 hogs (Lair:5)
  2 vampire mosquitoes (D:14)
  3 steam dragons
  A neqoxec (Gauntlet)
  A hungry ghost (D:13)
  5 basilisks
  2 chaos spawn (Gauntlet)
  3 wargs (Orc:1)
  An acid dragon (D:14)
  9 nagas
  Duvessa (D:5)
  3 hell hounds (Lair:6)
  2 porcupines
  5 water moccasins
  8 orc warriors
  Purgy (Sewer)
  5 ice beasts
  2 sky beasts
  2 phantoms
  2 necrophages
  9 wolves
  10 centaurs
  32 ogres
  12 crocodiles
  A big kobold (D:7)
  Blork the orc (D:13)
  18 bullfrogs
  A gnoll sergeant (D:9)
  3 scorpions
  22 killer bees
  3 jellies
  7 centaur zombies
  An electric eel (Lair:3)
  5 howler monkeys
  5 lava snakes (Lair:6)
  8 crimson imps
  A wyvern simulacrum (D:14)
  A quasit (D:9)
  10 hounds
  14 orc priests
  A gnoll shaman (D:6)
  6 centaur skeletons
  2 bullfrog skeletons
  Natasha (thrice) (D:4)
  3 iguanas
  13 orc wizards
  9 worker ants
  2 howler monkey zombies
  A worker ant zombie (D:7)
  A howler monkey skeleton (D:4)
  13 adders
  10 gnolls
  A shadow imp (D:10)
  An ooze (D:3)
  2 adder skeletons
  3 worms
  A dart slug (D:1)
  4 leopard geckos
  37 orcs
  5 bats
  3 giant cockroaches
  9 goblins
  11 hobgoblins
  15 jackals
  9 kobolds
  3 quokkas
  5 ball pythons
  11 frilled lizards
  A jackal zombie (D:5)
  2 quokka zombies
  8 rats
663 creatures vanquished.

Vanquished Creatures (others)
  12 fungi
  7 plants
  19 withered plants (Gauntlet)
38 creatures vanquished.

Grand Total: 701 creatures vanquished

Notes
Turn   | Place    | Note
-------+----------+-------------------------------------------
     0 | D:1      | Heliosone the Tengu Air Elementalist began the quest for
                  | the Orb.
     0 | D:1      | Reached XP level 1. HP: 10/10 MP: 4/4
   147 | D:1      | Reached XP level 2. HP: 15/15 MP: 4/6
   439 | D:1      | Reached skill level 5 in Air Magic
   622 | D:1      | Learned a level 2 spell: Swiftness
   954 | D:1      | Reached XP level 3. HP: 19/19 MP: 4/7
  1620 | D:2      | Found a radiant altar of Vehumet.
  1651 | D:2      | Became a worshipper of Vehumet
  1867 | D:2      | Reached skill level 6 in Air Magic
  1965 | D:2      | Reached XP level 4. HP: 22/24 MP: 1/8
  2603 | D:3      | Learned a level 4 spell: Airstrike
  2804 | D:3      | Reached skill level 7 in Air Magic
  2804 | D:3      | Reached * piety under Vehumet
  2804 | D:3      | Offered knowledge of Foxfire by Vehumet.
  3110 | D:3      | Gained mutation: You can fly continuously. [Tengu growth]
  3110 | D:3      | Reached XP level 5. HP: 28/28 MP: 9/9
  3271 | D:3      | Noticed an ogre
  3274 | D:3      | Killed an ogre
  3274 | D:3      | Reached skill level 1 in Fighting
  4044 | D:3      | Reached XP level 6. HP: 35/35 MP: 5/11
  4565 | D:4      | Noticed a phantom
  4568 | D:4      | Killed a phantom
  4646 | D:4      | Found a staircase to the Ecumenical Temple.
  4676 | D:4      | Reached XP level 7. HP: 41/41 MP: 0/13
  5069 | D:4      | Noticed Natasha
  5072 | D:4      | Killed Natasha
  5120 | D:4      | Noticed Natasha
  5153 | D:4      | Killed Natasha
  5153 | D:4      | Noticed Natasha
  5154 | D:4      | Killed Natasha
  5330 | D:5      | Entered Level 5 of the Dungeon
  5477 | D:5      | Noticed Dowan
  5477 | D:5      | Noticed Duvessa
  5519 | D:5      | Killed Duvessa
  5548 | D:5      | Found a glowing drain.
  5662 | Sewer    | Entered a sewer
  5808 | Sewer    | Noticed Purgy
  5818 | Sewer    | Killed Purgy
  6142 | D:5      | Offered knowledge of Freeze by Vehumet.
  6208 | D:5      | Reached ** piety under Vehumet
  6208 | D:5      | Reached skill level 5 in Spellcasting
  6250 | D:5      | Reached skill level 5 in Fighting
  6250 | D:5      | Reached XP level 8. HP: 42/49 MP: 13/16
  6443 | D:5      | Noticed Prince Ribbit
  6446 | D:5      | Killed Prince Ribbit
  7899 | D:7      | Offered knowledge of Dazzling Flash by Vehumet.
  8143 | D:7      | Reached XP level 9. HP: 57/57 MP: 12/20
  8573 | D:7      | Noticed Maggie
  8578 | D:7      | Killed Maggie
  8857 | D:7      | Reached skill level 8 in Air Magic
  9379 | D:8      | Reached *** piety under Vehumet
 10312 | D:8      | Reached skill level 9 in Air Magic
 11191 | D:9      | Reached skill level 10 in Air Magic
 11191 | D:9      | Reached XP level 10. HP: 66/66 MP: 14/21
 11210 | D:9      | Offered knowledge of Iskenderun's Mystic Blast by Vehumet.
 11458 | D:9      | Found a staircase to the Lair.
 11790 | D:9      | Reached skill level 11 in Air Magic
 12140 | D:9      | Reached skill level 10 in Fighting
 12951 | Lair:1   | Entered Level 1 of the Lair of Beasts
 13500 | Lair:1   | Reached **** piety under Vehumet
 13500 | Lair:1   | Reached skill level 12 in Air Magic
 13747 | D:9      | Offered knowledge of Stone Arrow by Vehumet.
 13747 | D:9      | Reached skill level 5 in Dodging
 14195 | Lair:2   | Noticed a spiny frog
 14196 | Lair:2   | Noticed a spiny frog
 14203 | Lair:1   | Killed a spiny frog
 14203 | Lair:1   | Reached XP level 11. HP: 32/72 MP: 9/22
 14644 | Lair:2   | Reached skill level 13 in Air Magic
 14871 | Lair:2   | Got a shimmering flail
 14872 | Lair:2   | Identified the +8 flail "Sarcophage" {venom, rElec} (You
                  | found it on level 2 of the Lair of Beasts)
 15107 | Lair:2   | Noticed an eight-headed hydra
 15122 | Lair:2   | Killed an eight-headed hydra
 15227 | Lair:2   | You are sucked into a shaft and drop 2 floors!
 15506 | Lair:4   | Noticed a five-headed hydra
 15739 | Lair:3   | Found a staircase to the Snake Pit.
 16037 | Lair:3   | Reached skill level 14 in Air Magic
 16485 | Lair:2   | You are sucked into a shaft and drop 2 floors!
 16947 | Lair:4   | Killed a five-headed hydra
 16947 | Lair:4   | Reached XP level 12. HP: 63/77 MP: 6/23
 17378 | Lair:2   | Reached skill level 15 in Air Magic
 18294 | Lair:3   | Found a staircase to the Shoals.
 18497 | Lair:3   | Reached skill level 10 in Dodging
 19252 | Lair:4   | Noticed a five-headed hydra
 19269 | Lair:4   | Killed a five-headed hydra
 19490 | Lair:4   | Noticed a five-headed hydra
 19491 | Lair:4   | Noticed a five-headed hydra
 19495 | Lair:4   | Killed a five-headed hydra
 20169 | Lair:4   | Killed a five-headed hydra
 20169 | Lair:4   | Reached skill level 16 in Air Magic
 20260 | Lair:5   | Noticed a six-headed hydra
 20770 | Lair:5   | Killed a six-headed hydra
 21660 | Lair:5   | Identified the +6 broad axe "Conservator" {vorpal, Str+7}
 21660 | Lair:5   | Noticed Kirke
 22016 | Lair:5   | Killed Kirke
 22016 | Lair:5   | Reached skill level 17 in Air Magic
 22016 | Lair:5   | Reached XP level 13. HP: 82/82 MP: 7/27
 22020 | Lair:5   | Found a large runed translucent door.
 22136 | Lair:5   | Found a large runed translucent door.
 22901 | Lair:5   | Noticed Vuriat's ghost (journeyman MiFi)
 23104 | Lair:6   | Entered Level 6 of the Lair of Beasts
 23431 | Lair:6   | Reached skill level 10 in Spellcasting
 23495 | Lair:6   | Found a staircase to the Slime Pits.
 23496 | Lair:6   | Found a viscous altar of Jiyva.
 24058 | Lair:5   | Reached ***** piety under Vehumet
 24176 | Lair:6   | Offered knowledge of Yara's Violent Unravelling by Vehumet.
 25064 | Lair:6   | Reached skill level 18 in Air Magic
 25761 | Lair:6   | Found a large runed translucent door.
 25761 | Lair:6   | Noticed a fire dragon
 25762 | Lair:6   | Found a large runed translucent door.
 26615 | Lair:6   | Killed a fire dragon
 26927 | D:10     | Entered Level 10 of the Dungeon
 27775 | D:10     | Found Taava's Food Shoppe.
 27977 | D:10     | Found a stormy altar of Qazlal.
 29111 | D:11     | Reached XP level 14. HP: 88/88 MP: 13/30
 29227 | D:11     | Learned a level 5 spell: Lightning Bolt
 29608 | D:11     | Reached skill level 19 in Air Magic
 30229 | D:12     | Found Kojitz's Jewellery Boutique.
 30241 | D:12     | Found a staircase to the Orcish Mines.
 30248 | D:12     | Offered knowledge of Iron Shot by Vehumet.
 30262 | D:12     | Found a gate leading to a gauntlet.
 30271 | Gauntlet | Entered a Gauntlet
 30271 | Gauntlet | Found a transporter.
 30271 | Gauntlet | Found a transporter.
 30271 | Gauntlet | Found a transporter.
 30392 | Gauntlet | Found a runed translucent door.
 30395 | Gauntlet | Found a transporter.
 30396 | Gauntlet | Found a transporter.
 30404 | Gauntlet | Found a transporter.
 30407 | Gauntlet | Found a transporter.
 30417 | Gauntlet | Found a transporter.
 30436 | Gauntlet | Found a transporter.
 30458 | Gauntlet | Found a transporter.
 30458 | Gauntlet | Found a transporter.
 30468 | Gauntlet | Found a transporter.
 30719 | Gauntlet | Got a crystal lajatang
 30720 | Gauntlet | Identified the +3 lajatang of the Messenger {vorpal, rPois
                  | Int+4} (You found it in a Gauntlet)
 30728 | Gauntlet | Gained mutation: Your spells are a little easier to cast,
                  | but a little less powerful. [a neqoxec]
 30853 | Gauntlet | Identified Amiemaniha's Introduction to Spellcraft
 30892 | Gauntlet | Got a clouded amber ring
 31284 | Gauntlet | Identified the ring of Aheugait {*Tele rPois rN+ Str-2}
                  | (You found it in a Gauntlet)
 31317 | Gauntlet | Identified the amulet of the Cockatrice {Spirit rPois MR-
                  | MP+9 Str+4}
 32311 | D:12     | Found Pylemaar's Magic Scroll Shop.
 32552 | D:12     | Bought a scroll of identify for 30 gold pieces
 32552 | D:12     | Bought a scroll of identify for 30 gold pieces
 32552 | D:12     | Bought a scroll of identify for 30 gold pieces
 32690 | D:12     | Found Nattemo's Antique Armour Shop.
 33004 | D:12     | Found Lineov Utiu's Book Emporium.
 33330 | D:12     | Found Gigenead's Antique Weapon Emporium.
 33554 | Orc:1    | Entered Level 1 of the Orcish Mines
 33554 | Orc:1    | Noticed Erolcha
 33559 | D:12     | Killed Erolcha
 34028 | Orc:2    | Entered Level 2 of the Orcish Mines
 34028 | Orc:2    | Found a staircase to the Elven Halls.
 34031 | Orc:2    | Reached skill level 20 in Air Magic
 35624 | Orc:2    | Reached XP level 15. HP: 92/92 MP: 16/33
 36847 | Orc:2    | Reached skill level 21 in Air Magic
 37343 | Orc:2    | Found Evadih's Gadget Emporium.
 37343 | Orc:2    | Found Suclaj's Food Shop.
 37344 | Orc:2    | Found Rewe's General Store.
 37344 | Orc:2    | Found Wamoyzuf's Book Shoppe.
 37352 | Orc:2    | Bought a scroll of identify for 32 gold pieces
 37353 | Orc:2    | Bought a book of the Tempests for 1050 gold pieces
 37365 | Orc:2    | Learned a level 9 spell: Tornado
 37538 | Orc:1    | Noticed Nergalle
 38092 | Orc:2    | Killed Nergalle
 38869 | D:12     | Bought an uncursed ring of wizardry for 390 gold pieces
 39846 | D:13     | Found a gate to the Vaults.
 40498 | D:13     | Offered knowledge of Freezing Cloud by Vehumet.
 40750 | D:13     | Noticed Blork the orc
 40752 | D:13     | Killed Blork the orc
 40789 | D:13     | Found a shimmering blue altar of Sif Muna.
 41001 | D:14     | Noticed a frost giant
 41518 | D:14     | Found a flickering gateway to a bazaar.
 41537 | Bazaar   | Entered a bazaar
 41579 | Bazaar   | Found Gewa's General Store.
 41587 | Bazaar   | Found Jajuph's Book Boutique.
 41628 | Bazaar   | Found Hierr's Antique Armour Shoppe.
 41636 | Bazaar   | Found Jeusuruu's Jewellery Shop.
 41717 | Bazaar   | Bought a scroll of identify for 18 gold pieces
 41741 | Bazaar   | Bought a slimy leather armour for 182 gold pieces
 41754 | Bazaar   | Bought the ring "Daobbuaf" {rF- MP+9 Str+2 Int+10 Dex-4}
                  | for 468 gold pieces
 41816 | D:14     | HP: 4/92 [centaur/arrow[a centaur warrior] (2)]
 43284 | D:14     | Killed a frost giant
 43284 | D:14     | Reached skill level 15 in Spellcasting
 43411 | D:14     | Noticed a storm dragon
 43701 | D:13     | HP: 4/92 [tengu warrior/+0 great sword (14)]
 44727 | D:14     | Killed a storm dragon
 45157 | D:15     | Entered Level 15 of the Dungeon
 45433 | D:15     | Reached XP level 16. HP: 97/97 MP: 36/36
 45480 | D:15     | Identified the +2 robe of the Heavens {rF+ rC+ MR- Regen+}
 45509 | D:15     | Noticed Louise
 45675 | D:9      | Identified the +1 leather armour of the Oligarchy {Int+3}
                  | (You bought it in a shop in a bazaar)
 45756 | D:9      | Reached skill level 1 in Armour
 46058 | Snake:1  | Entered Level 1 of the Snake Pit
 46900 | Snake:1  | Reached skill level 5 in Armour
 47156 | Snake:1  | Offered knowledge of Spellforged Servitor by Vehumet.
 49398 | Snake:2  | Noticed Aizul
 49405 | Snake:2  | HP: 4/97 [bounced beam (51)]
 49405 | Snake:2  | HP: 1/97 [naga ritualist/Olgreb's Toxic Radiance (1)]
 49405 | Snake:2  | Slain by an anaconda

Levels and vault maps discovered:
D:1:      nicolae_arrival_washed_ashore, layout_basic
D:2:      layout_rooms, vehumet_crystals, first_ration
D:3:      layout_loops_corners, kennysheep_generic_room_8
D:4:      layout_rooms, minmay_temple_entry_statues_fountains, uniq_natasha
D:5:      layout_basic, serial_glass, glass_columns_a, glass_columns_a,
          glass_columns_a, glass_columns_a, cheibrodos_sewer_entry_bend,
          uniq_duvessa, uniq_prince_ribbit1
D:6:      layout_gridville
D:7:      layout_basic, uniq_maggie
D:8:      layout_loops_ring
D:9:      layout_gridville, lair_entry_dummy, david_nohive_1
D:10:     layout_rooms, serial_shops, shop, nicolae_qazlal_general_emergency
D:11:     layout_roguey, minmay_misc_feat_tiny, kennysheep_potato
D:12:     layout_basic, david_orc_3, gauntlet_entry_generic, serial_shops,
          nicolae_shop_temple_entry_statues_fountains, shop_statue,
          nicolae_shop_behind_doors, shop_fountains, shop_scrolls
D:13:     layout_loops_ring, erik_vaults_1, tgw_sif
D:14:     minmay_box_of_curves, layout_small_grid, minmay_misc_feat_room,
          serial_shops, bzr_entry_islet, minmay_crystal_room
D:15:     hangedman_spin_cycle, uniq_louise
Lair:1:   layout_small_grid
Lair:2:   layout_small_grid, st_stairs_12
Lair:3:   layout_chaotic_city, elwin_shoals_entry_rooms,
          guppyfry_snake_entry_island
Lair:4:   layout_roguey, minmay_stone_trees_small, serial_bayou_shore_b,
          grunt_megastairs_2, infiniplex_staircase_pool
Lair:5:   layout_roguey, ebering_ghost_disaster_area, lemuel_fruit_tree,
          serial_bayou_shore_a, uniq_kirke
Lair:6:   cheibrodos_lair_end_hotspot, layout_long_grid, slime_altar_1,
          portal_ice_cave_entry_pillars_1, st_stairs_13
Snake:1:  layout_onion_interference, special_room, st_stairs_8,
          serial_bayou_shore_b
Snake:2:  layout_misc_corridors, uniq_asterion, uniq_aizul
Orc:1:    layout_diamond_mine, mines3_lemuel, uniq_nergalle, uniq_erolcha
Orc:2:    st_orc_ogre_mass, layout_caves, statue_in_the_mist_lemuel

Skill      XL: |  1  2  3  4  5  6  7  8  9 10 11 12 13 14 15 16 |
---------------+-------------------------------------------------+-----
Air Magic      | 5 6 7 10 12 14 17 18 20 21 | 21.0
Fighting       | 2 3 5 7 9 10 | 10.0
Spellcasting   | 3 5 6 7 9 11 13 15 | 15.7
Dodging        | 5 9 10 | 10.0
Armour         | 8 |  8.6
Stealth        | |  2.0
Conjurations   | |  1.3

Action                   |  1- 3 |  4- 6 |  7- 9 | 10-12 | 13-15 | 16-18 || total
-------------------------+-------+-------+-------+-------+-------+-------++-------
Melee: Unarmed           |     7 |       |       |       |       |       ||     7
       Kick              |     1 |     4 |    14 |     8 |    55 |    10 ||    92
       Peck              |     1 |     4 |     8 |     6 |    36 |     6 ||    61
       Dagger            |       |    27 |    61 |     4 |       |       ||    92
       Flail             |       |       |       |    52 |    49 |       ||   101
       Lajatang          |       |       |       |       |   129 |    42 ||   171
 Cast: Shock             |    83 |    73 |   141 |    83 |    15 |       ||   395
       Swiftness         |     1 |       |     5 |     6 |    13 |     2 ||    27
       Airstrike         |       |    10 |    68 |   252 |   513 |    97 ||   940
       Lightning Bolt    |       |       |       |       |   141 |    48 ||   189
       Tornado           |       |       |       |       |    14 |     4 ||    18
 Abil: Fly               |       |     1 |       |       |       |       ||     1
Evoke: Wand              |       |       |       |       |     4 |       ||     4
       Lightning rod     |       |       |       |       |     4 |       ||     4
       Tin of tremorston |       |       |       |       |     1 |       ||     1
  Use: Scroll            |       |     5 |     5 |     6 |    17 |     2 ||    35
       Potion            |       |       |       |       |     2 |     1 ||     3
 Stab: Sleeping          |       |     1 |     1 |       |       |       ||     2
       Distracted        |       |       |       |       |     1 |       ||     1
       Invisible         |       |       |       |       |     1 |       ||     1
  Eat: Chunk             |     4 |    10 |    32 |    50 |    69 |    13 ||   178
       Ration            |       |       |     1 |       |     2 |       ||     3
Armor: Robe              |     3 |     4 |     1 |       |    11 |       ||    19
       Leather armour    |       |       |    13 |       |       |       ||    13
       Swamp dragon scal |       |       |    31 |    34 |    87 |    22 ||   174
Dodge: Dodged            |    18 |    21 |    64 |   104 |   463 |    97 ||   767

Table legend:
 A = Non-vault XP
 B = Vault XP
 C = Vault XP percentage of total XP
 D = Non-vault monster count
 E = Vault monster count
 F = Vault count percentage of total count
                 A         B        C        D         E       F
            +---------+---------+-------+---------+---------+-------
      Total |   93291 |   61020 |  39.5 |     504 |     159 |  24.0
            +---------+---------+-------+---------+---------+-------
        D:1 |      48 |       0 |   0.0 |      28 |       0 |   0.0
        D:2 |      44 |       0 |   0.0 |      10 |       0 |   0.0
        D:3 |     233 |       0 |   0.0 |      38 |       0 |   0.0
        D:4 |     408 |      36 |   8.1 |       9 |       1 |  10.0
        D:5 |     241 |     409 |  62.9 |       9 |       3 |  25.0
        D:6 |     599 |       0 |   0.0 |      19 |       0 |   0.0
        D:7 |     683 |     385 |  36.0 |      21 |       1 |   4.5
        D:8 |    1135 |       0 |   0.0 |      23 |       0 |   0.0
        D:9 |    2533 |    1223 |  32.6 |      26 |      16 |  38.1
       D:10 |    2110 |       0 |   0.0 |      24 |       0 |   0.0
       D:11 |    6787 |      45 |   0.7 |      30 |       2 |   6.2
       D:12 |    7954 |    1194 |  13.1 |      34 |       6 |  15.0
       D:13 |    5259 |    1904 |  26.6 |      23 |       3 |  11.5
       D:14 |    8235 |   12697 |  60.7 |      28 |      16 |  36.4
       D:15 |       0 |    1990 | 100.0 |       0 |       7 | 100.0
     Lair:1 |    2040 |     411 |  16.8 |      14 |       1 |   6.7
     Lair:2 |    3449 |     418 |  10.8 |       9 |       1 |  10.0
     Lair:3 |    2355 |     621 |  20.9 |      16 |       3 |  15.8
     Lair:4 |    8921 |     460 |   4.9 |      26 |       1 |   3.7
     Lair:5 |    7281 |    2800 |  27.8 |      27 |       5 |  15.6
     Lair:6 |    6060 |    7718 |  56.0 |      17 |      27 |  61.4
    Snake:1 |   21693 |     818 |   3.6 |      41 |       1 |   2.4
    Snake:2 |     595 |       0 |   0.0 |       2 |       0 |   0.0
      Orc:1 |    2727 |    4151 |  60.4 |      17 |      12 |  41.4
      Orc:2 |    1901 |   18077 |  90.5 |      13 |      34 |  72.3
      Sewer |       0 |     141 | 100.0 |       0 |       9 | 100.0
   Gauntlet |       0 |    5522 | 100.0 |       0 |      10 | 100.0
            +---------+---------+-------+---------+---------+-------
